 Dungeon Crawl Stone Soup version 0.23.2-1-ga50397a6bc (webtiles) character file.

Game seed: 9868491499562289880

749 Banto the Covered (level 7, -3/57 HPs)
             Began as a Demigod Wanderer on Apr 30, 2019.
             Slain by a centaur
             ... wielding a cursed -2 spear
              (5 damage)
             ... on level 5 of the Dungeon.
             The game lasted 00:09:38 (5262 turns).

Banto the Covered (Demigod Wanderer)                Turns: 5262, Time: 00:09:38

Health: -3/57      AC:  8    Str: 15    XL:     7   Next: 24%
Magic:  11/11      EV: 10    Int: 18    God:
Gold:   185        SH:  6    Dex: 20    Spells: 6/6 levels left

rFire    . . .     SeeInvis .   y - +1 long sword (slice)
rCold    . . .     Gourm    .   c - +0 buckler
rNeg     . . .     Faith    .   d - +0 ring mail
rPois    .         Spirit   .   (no helmet)
rElec    .         Reflect  .   e - +1 cloak
rCorr    .         Harm     .   (no gloves)
MR       .....                  (no boots)
Stlth    ..........             (no amulet)
HPRegen  0.19/turn              v - +3 ring of dexterity
MPRegen  0.12/turn              a - ring of attention

@: no status effects
A: high mp 1
a: no special abilities


You were on level 5 of the Dungeon.
You were not hungry.

You visited 1 branch of the dungeon, and saw 5 of its levels.
You also visited: Ossuary.

You collected 311 gold pieces.
You spent 126 gold pieces at shops.

Inventory:

Hand Weapons
 y - a +1 long sword of slicing (weapon)
Missiles
 n - 3 javelins (quivered)
Armour
 c - a +0 buckler (worn)
 d - a +0 ring mail (worn)
 e - a +1 cloak (worn)
Jewellery
 a - a ring of attention (right hand)
 v - a +3 ring of dexterity (left hand)
Wands
 x - a wand of digging (6)
Scrolls
 m - 5 scrolls of amnesia
 p - a scroll of remove curse
 q - 2 scrolls of magic mapping
 r - 4 scrolls of identify
 s - 2 scrolls of fog
 t - a scroll of teleportation
Potions
 b - a potion of haste
 g - 5 potions of curing
 h - a potion of agility
 i - 2 potions of berserk rage
 j - a potion of degeneration
 k - 5 potions of heal wounds
 l - 3 potions of flight
 o - 2 potions of mutation
 u - 2 potions of magic {unknown}
 w - a potion of cancellation {unknown}
 z - a potion of brilliance {unknown}
Comestibles
 f - 9 rations
 A - 4 chunks of flesh


   Skills:
 - Level 3.6 Fighting
 + Level 4.0 Long Blades
   Level 1.7 Staves
   Level 1.0 Bows
 - Level 4.2 Armour
 - Level 4.0 Shields
 - Level 1.7 Evocations


You had 6 spell levels left.
You didn't know any spells.
Your spell library contained the following spells:

 Spells                   Type           Power        Failure   Level  Hunger
 Magic Dart               Conj           #...         38%         1    ##.....
 Blink                    Tloc           N/A          52%         2    ###....
 Call Imp                 Summ           #.......     52%         2    ###....
 Slow                     Hex            #.......     52%         2    ###....
 Conjure Flame            Conj/Fire      #.......     77%         3    ####...
 Mephitic Cloud           Conj/Pois/Air  #.......     77%         3    ####...


Dungeon Overview and Level Annotations

Branches:
Dungeon (5/15)             Temple (0/1) D:4

Shops:
D:4 ?%:*


Innate Abilities, Weirdness & Mutations

You have an increased reservoir of magic. (+10% MP)


Message History

The centaur hits you with a cursed -2 spear.
* * * LOW HITPOINT WARNING * * *
You hit the centaur.
The centaur is severely wounded.
The centaur completely misses you.
You hit the centaur.
The centaur is severely wounded.
The centaur hits you with a cursed -2 spear.
* * * LOW HITPOINT WARNING * * *
You block the centaur's attack.
You hit the centaur but do no damage.
The centaur is severely wounded.
The centaur hits you with a cursed -2 spear.
* * * LOW HITPOINT WARNING * * *
The centaur hits you with a cursed -2 spear.
* * * LOW HITPOINT WARNING * * *
You hit the centaur but do no damage.
The centaur is severely wounded.
The centaur hits you with a cursed -2 spear.
You die...

.................##.#.#..........
.................##...#..........
..............>..............
...#...#......###..........
##.###.##!...# #.............. ..
...........#########......#..
..... #.........### ##.......#
..##...#....####...############.#
..##...#....####@.......# #..[
.......#.#..)).c........# #...
..##._.#.#..####........# ###.
###....#.#..# #........# #.
......#._#.## #........# #####
......#..#.# #........# #....
.[....#.##.# #........# #.###
##......########........#####.#
###..........................#


You could see a centaur.

Vanquished Creatures
  A scorpion (D:4)
  A howler monkey (D:5)
  A centaur zombie (D:5)
  2 hounds
  A gnoll shaman (D:5)
  An orc priest (D:1)
  An orc wizard (D:2)
  2 centaur skeletons (D:5)
  2 iguanas (D:5)
  4 worker ants
  2 big kobold zombies (Ossuary)
  2 mummies (Ossuary)
  6 adders
  3 gnolls (D:5)
  3 adder zombies (Ossuary)
  3 worms (D:2)
  A dart slug (D:3)
  A leopard gecko (D:1)
  14 orcs
  5 bats
  6 giant cockroaches
  4 hobgoblins
  7 jackals
  6 kobolds
  A quokka (D:4)
  3 ball pythons
  4 frilled lizards
  7 goblins
  A goblin zombie (Ossuary)
  6 hobgoblin zombies (Ossuary)
  2 jackal zombies (Ossuary)
  15 kobold zombies (Ossuary)
  8 orc zombies (Ossuary)
  9 rats
135 creatures vanquished.

Notes
Turn   | Place    | Note
-------+----------+-------------------------------------------
     0 | D:1      | Banto the Demigod Wanderer began the quest for the Orb.
     0 | D:1      | Banto set off with the following items: a +2 quarterstaff,
                  | a +0 shortbow, 27 arrows, a +0 ring mail, a ration
     0 | D:1      | Reached XP level 1. HP: 17/17 MP: 4/4
   354 | D:1      | Reached XP level 2. HP: 24/24 MP: 5/5
   836 | D:2      | Found a sacrificial altar of Ru.
   948 | D:2      | Found an ornate altar of the Wu Jian Council.
  1409 | D:2      | Reached XP level 3. HP: 30/30 MP: 6/6
  1984 | D:2      | Reached XP level 4. HP: 25/38 MP: 7/7
  3111 | D:3      | Reached XP level 5. HP: 25/45 MP: 8/8
  3525 | D:4      | Reached skill level 1 in Long Blades
  3525 | D:4      | Reached skill level 1 in Shields
  3556 | D:4      | Found Ynuffug's Magic Scroll Shop.
  3564 | D:4      | Bought a scroll of identify for 28 gold pieces
  3850 | D:4      | Bought a scroll of identify for 28 gold pieces
  3850 | D:4      | Bought a scroll of identify for 28 gold pieces
  3850 | D:4      | Bought a scroll of teleportation for 42 gold pieces
  3869 | D:4      | Found a staircase to the Ecumenical Temple.
  3939 | D:4      | Found Rany's Book Emporium.
  3943 | D:4      | Found Xauc Lep's Food Emporium.
  4023 | D:4      | Found Eddem's General Store.
  4447 | D:4      | Found a deep blue altar of Sif Muna.
  4507 | D:5      | Entered Level 5 of the Dungeon
  4514 | D:5      | Reached XP level 6. HP: 40/51 MP: 10/10
  4794 | D:5      | Found a sand-covered staircase.
  4805 | Ossuary  | Entered an ossuary
  5115 | D:5      | Reached XP level 7. HP: 52/57 MP: 11/11
  5157 | D:5      | Found a blossoming altar of Fedhas.
  5185 | D:5      | Found a radiant altar of Vehumet.
  5193 | D:5      | Found a sparkling altar of Nemelex Xobeh.
  5261 | D:5      | HP: 1/57 [centaur/cursed -2 spear (5)]
  5262 | D:5      | Slain by a centaur

Skill      XL: |  1  2  3  4  5  6  7 |
---------------+----------------------+-----
Fighting       | 2 3 |  3.6
Armour         | 3 4 |  4.2
Long Blades    | 2 3 4 |  4.0
Shields        | 2 3 4 |  4.0
Staves         | |  1.7
Bows           | |  1.0
Evocations     | |  1.7

Action                   |  1- 3 |  4- 6 |  7- 9 || total
-------------------------+-------+-------+-------++-------
Melee: Quarterstaff      |    82 |    56 |       ||   138
       Long sword        |       |   242 |    30 ||   272
  Use: Scroll            |       |    16 |       ||    16
 Stab: Sleeping          |       |     1 |       ||     1
  Eat: Chunk             |     2 |    10 |       ||    12
       Ration            |       |       |     1 ||     1
Armor: Ring mail         |    39 |   111 |     8 ||   158
Dodge: Dodged            |    35 |   158 |    17 ||   210
Block: Buckler           |       |    49 |     7 ||    56
       Rpst.: Long sword |       |    45 |     4 ||    49
